 Dungeon Crawl Stone Soup version 0.32-a0-39-g5c88369fb2 (webtiles) character file.

Game seed: 8359798628834558081

18802 Ge0ff the Spear-Bearer (level 12, -18/94 HPs)
             Began as a Mummy Cinder Acolyte on Jan 31, 2024.
             Was a Priest of Ignis.
             Demolished by a skeletal warrior
             ... wielding a +0 battleaxe
              (28 damage)
             ... on level 11 of the Dungeon.
             The game lasted 00:26:38 (14275 turns).

Ge0ff the Spear-Bearer (Mummy Cinder Acolyte)      Turns: 14275, Time: 00:26:38

Health: -18/94     AC: 11    Str: 20    XL:     12   Next: 30%
Magic:  18/18      EV: 11    Int: 15    God:    Ignis [***...]
Gold:   493        SH: 10    Dex: 10    Spells: 17/19 levels left

rFire   . . .        a - +6 trident "Pyhog Xyr" {drain, Dex+2 SInv}
rCold   + + .        P - +0 buckler
rNeg    + + +        t - +2 ring mail {rC+}
rPois   ∞            n - +0 helmet
rElec   .            M - +0 cloak
rCorr   +            (no gloves)
SInv    +            W - +0 pair of boots
Will    +....        C - amulet of reflection
Stlth   +            o - ring of flight
HPRegen 0.35/turn    D - ring of resist corrosion
MPRegen 0.16/turn

%: reflection, faith
@: flying
A: cold resistance 1, negative energy resistance 3, torment resistance 2, heat
vulnerability 1, in touch with death 1, no potions, faith
a: Renounce Religion, Fiery Armour, Foxfire Swarm, Rising Flame


You were on level 11 of the Dungeon.
You worshipped Ignis.
Ignis was most pleased with you.
You visited 2 branches of the dungeon, and saw 12 of its levels.
You also visited: Sewer and Bailey.

You collected 823 gold pieces.
You spent 330 gold pieces at shops.

Inventory:

Hand Weapons
 a - the +6 trident "Pyhog Xyr" (weapon) {drain, Dex+2 SInv}
   (You found it on level 2 of the Dungeon)

   Dex+2:     It affects your dexterity (+2).
   SInv:      It lets you see invisible.
 d - a +2 mace of protection
 e - a +0 sling
 k - a -1 spear of flaming
 V - a +2 dagger of venom
Missiles
 g - 3 throwing nets {=F}
 u - 93 stones
 v - 2 curare-tipped darts {=F}
 F - 6 darts of dispersal
 Q - 2 boomerangs
 S - 28 poisoned darts
 X - 4 javelins
Armour
 n - a +0 helmet (worn)
 t - a +2 ring mail of cold resistance (worn)
 M - a +0 cloak (worn)
 P - a +0 buckler (worn)
 R - +0 steam dragon scales
 U - the +1 ring mail "Katz" {Int+6 Dex-3 Stlth+}
   (You found it on level 4 of the Dungeon)

   Int+6:     It affects your intelligence (+6).
   Dex-3:     It affects your dexterity (-3).
   Stlth+:    It makes you more stealthy.
 W - a +0 pair of boots (worn)
Magical Staves
 c - a staff of cold
 H - a staff of air
 I - a staff of fire
 L - a staff of alchemy
Jewellery
 o - a ring of flight (left hand)
 C - an amulet of reflection (around neck)
 D - a ring of resist corrosion (right hand)
 Y - an amulet of the acrobat
 Z - a ring of see invisible
Wands
 f - a wand of flame (28)
 j - a wand of acid (1)
 r - a wand of roots (2)
 s - a wand of mindburst (27)
Scrolls
 i - 2 scrolls of identify
 m - a scroll of revelation
 q - 5 scrolls of amnesia
 E - 2 scrolls of fear
 J - a scroll of silence {!r}
 K - a scroll of brand weapon
 N - 5 scrolls of enchant weapon
 O - a scroll of enchant armour
 T - 5 scrolls of teleportation
Potions
 G - a potion of experience


   Skills:
 + Level 8.8 Fighting
 * Level 12.0 Polearms
 - Level 2.0 Throwing
 - Level 5.0 Armour
 - Level 3.0 Dodging
 - Level 2.0 Stealth
 - Level 5.0 Shields
 - Level 4.2 Spellcasting
 - Level 3.7 Fire Magic
 + Level 4.8 Evocations


You had 17 spell levels left.
You knew the following spells:

 Your Spells              Type           Power      Damage    Failure   Level
C - Scorch                Fire           28%        2d6       11%         2

Your spell library contained the following spells:

 Spells                   Type           Power      Damage    Failure   Level
 Freeze                   Ice            12%        1d3       34%         1
 Ensorcelled Hibernation  Hex/Ice        6%         N/A       47%         2
 Frozen Ramparts          Ice            6%         1d1       71%         3
 Fugue of the Fallen      Necr           4%         N/A       71%         3
 Hailstorm                Conj/Ice       3%         3d5       71%         3
 Anguish                  Hex/Necr       2%         N/A       98%         4


Dungeon Overview and Level Annotations

Branches:
Dungeon (11/15) Zot: 24931  Temple (1/1) D:7 Zot: 5998    Lair (0/5) D:9
    Orc (0/2) D:10          Sewer (visited)          Bailey (visited)

Altars:
Ashenzari
Cheibriados
Dithmenos
Fedhas
Gozag
Hepliaklqana
Kikubaaqudgha
Makhleb
Nemelex Xobeh
Okawaru
Qazlal
Ru
Sif Muna
Trog
Uskayaw
Vehumet
Wu Jian
Xom
Yredelemnul

Shops:
D:1 [   D:5 *

Annotations:
D:7 exclusion: skeletal warrior


Innate Abilities, Weirdness & Mutations

You are immune to poison.
Your flesh is cold resistant. (rC+)
You are immune to negative energy. (rN+++)
You are immune to unholy pain and torment.
You are vulnerable to heat. (rF-)
You are in touch with the powers of death.
You do not drink.
You have a special connection with the divine. (Faith)


Message History

Press: ? - help, Shift-Dir - straight line, f/p - skeletal warrior
Aim: a skeletal warrior, wielding a +0 battleaxe (lightly damaged, constricted by roots, 100% to hit)
The bolt of acid hits the skeletal warrior.
The acid corrodes the skeletal warrior!
The skeletal warrior is lightly damaged.
The grasping roots constrict the skeletal warrior.
The roots release their grip on the skeletal warrior.
Aiming: Fastroot
Press: ? - help, Shift-Dir - straight line, f/p - skeletal warrior
Aim: a skeletal warrior, wielding a +0 battleaxe (moderately damaged, covered in acid)
The roots erupt in riotous growth!
Roots grab the skeletal warrior.
The grasping roots constrict the skeletal warrior.
The skeletal warrior hits you with a +0 battleaxe!
You hit the skeletal warrior.
The skeletal warrior is moderately damaged.
The grasping roots constrict the skeletal warrior.
You hit the skeletal warrior.
The skeletal warrior is heavily damaged.
The grasping roots constrict the skeletal warrior.
The skeletal warrior hits you with a +0 battleaxe!
You hit the skeletal warrior.
The skeletal warrior is heavily damaged.
The grasping roots constrict the skeletal warrior!
The roots release their grip on the skeletal warrior.
The skeletal warrior hits you with a +0 battleaxe!!
You are too injured to fight recklessly!
You are too injured to fight recklessly!
You are too injured to fight recklessly!
You closely miss the skeletal warrior.
The skeletal warrior is severely damaged.
The skeletal warrior hits you with a +0 battleaxe.
You puncture the skeletal warrior!
The skeletal warrior is severely damaged.
You barely miss the skeletal warrior.
The skeletal warrior is severely damaged.
The skeletal warrior hits you with a +0 battleaxe!!
* * * LOW HITPOINT WARNING * * *
You puncture the skeletal warrior!
The skeletal warrior is almost destroyed.
The skeletal warrior hits you with a +0 battleaxe.
* * * LOW HITPOINT WARNING * * *
Aiming: Fastroot
Press: ? - help, Shift-Dir - straight line, f/p - skeletal warrior
Aim: a skeletal warrior, wielding a +0 battleaxe (almost destroyed, covered in acid)
The roots erupt in riotous growth!
Roots grab the skeletal warrior.
The grasping roots constrict the skeletal warrior.
The skeletal warrior hits you with a +0 battleaxe!!
You die...

# #.# ##.## #####.. #
#.# ######.####...... #
#.# #.....#.<...###!. #
######z#####.####.######
#.. #
#...##............# ###
# #......#####.###### #
#### #...#### #.# # ...#
##.## ####z# # ##.# #.#
#..@.# # #.# #.# #.####
##### #.# #.# #.# #...)
#.# #†# .# #.### #.#
##.######.# #.#
#.......#.## #.#
#..........###. ......
#.###...............
######
#..............#####


You could see a skeletal warrior (corroded, rooted).

Vanquished Creatures
  An orc warlord (Bailey)
  4 two-headed ogres
  5 skeletal warriors
  3 orc knights (Bailey)
  Pikel (D:4)
  Maurice (D:8)
  Psyche (D:8)
  Maggie (D:6)
  A troll (D:11)
  2 shadows (D:9)
  A wyvern (D:9)
  4 wraiths
  14 yaks
  A human (D:10)
  A warg (D:10)
  6 vampire mosquitoes
  Menkaure (D:7)
  6 water moccasins
  15 orc warriors
  A sky beast (D:6)
  A black bear (D:5)
  A crocodile (Sewer)
  3 ogres
  2 centaurs
  A phantom (D:4)
  5 kobold brigands
  3 bullfrogs
  A gnoll sergeant (D:10)
  4 scorpions
  3 wights (D:8)
  13 killer bees
  11 howler monkeys
  A jelly (D:6)
  3 bombardier beetles
  7 hounds
  2 gnoll boudas
  6 orc priests
  A sleepcap (D:6)
  Natasha (D:4)
  An iguana (D:7)
  Ijyb (D:5)
  3 orc wizards
  Robin (D:2)
  10 adders
  17 gnolls
  2 river rats (Sewer)
  A shadow imp (D:7)
  3 white imps
  3 dart slugs
  5 ribbon worms
  29 orcs
  11 ball pythons
  3 endoplasms
  2 giant cockroaches (D:4)
  23 goblins
  18 hobgoblins
  7 jackals
  17 kobolds
  7 quokkas
  6 bats
  5 frilled lizards
  8 rats
322 creatures vanquished.

Vanquished Creatures (others)
  A killer bee (D:8)
1 creature vanquished.

Grand Total: 323 creatures vanquished

Notes
Turn   | Place    | Note
-------+----------+-------------------------------------------
     0 | D:1      | Ge0ff the Mummy Cinder Acolyte began the quest for the Orb.
     0 | D:1      | Reached XP level 1. HP: 18/18 MP: 2/2
   141 | D:1      | Found a faded altar of an unknown god.
   195 | D:1      | Reached XP level 2. HP: 24/24 MP: 4/4
   206 | D:1      | Learned a level 2 spell: Scorch
   442 | D:1      | Reached skill level 1 in Stealth
  1235 | D:1      | Found Nyskoushryga's Antique Armour Shoppe.
  1290 | D:1      | Reached XP level 3. HP: 29/29 MP: 3/6
  1502 | D:2      | Identified the +6 trident "Pyhog Xyr" {drain, Dex+2 SInv}
  2098 | D:2      | Noticed Robin
  2111 | D:2      | Killed Robin
  2112 | D:2      | Reached XP level 4. HP: 7/35 MP: 8/8
  2405 | D:3      | Found a snail-covered altar of Cheibriados.
  2559 | D:3      | Found a glowing drain.
  2567 | Sewer    | Entered a sewer
  2590 | Sewer    | Noticed a crocodile
  2680 | Sewer    | Noticed a kobold brigand
  2686 | Sewer    | Killed a kobold brigand
  2687 | Sewer    | Reached XP level 5. HP: 31/41 MP: 3/11
  2774 | Sewer    | Killed a crocodile
  2775 | Sewer    | Reached skill level 3 in Polearms
  2775 | Sewer    | Reached skill level 1 in Armour
  2775 | Sewer    | Reached XP level 6. HP: 47/47 MP: 5/12
  2854 | Sewer    | Reached skill level 4 in Polearms
  3254 | Sewer    | Reached XP level 7. HP: 45/52 MP: 4/13
  4156 | D:4      | Reached skill level 1 in Dodging
  4435 | D:4      | Reached skill level 5 in Polearms
  4549 | D:4      | Noticed Natasha
  4556 | D:4      | Killed Natasha
  4963 | D:4      | Found a shadowy altar of Dithmenos.
  4963 | D:4      | Found a hide-covered altar of Uskayaw.
  4966 | D:4      | Identified the +1 ring mail "Katz" {Int+6 Dex-3 Stlth+}
  5068 | D:5      | Entered Level 5 of the Dungeon
  5142 | D:5      | Reached XP level 8. HP: 44/58 MP: 5/14
  5176 | D:5      | Reached skill level 6 in Polearms
  5245 | D:5      | Noticed Pikel
  5268 | D:4      | Killed Pikel
  5269 | D:4      | Reached skill level 7 in Polearms
  5354 | D:5      | Noticed Ijyb
  5392 | D:5      | Killed Ijyb
  5609 | D:5      | Found Buwn's Assorted Antiques.
  5653 | D:5      | Bought a scroll labelled YPEBBUPH POZA for 21 gold pieces
  5653 | D:5      | Bought a jewelled ivory wand for 84 gold pieces
  5803 | D:6      | Reached skill level 5 in Fighting
  5806 | D:6      | Reached XP level 9. HP: 62/68 MP: 12/15
  5983 | D:6      | Noticed Maggie
  6002 | D:6      | Killed Maggie
  6003 | D:6      | Reached skill level 8 in Polearms
  6864 | D:7      | Reached skill level 1 in Shields
  6890 | D:7      | Noticed Menkaure
  6906 | D:7      | Killed Menkaure
  6907 | D:7      | Reached skill level 1 in Evocations
  7196 | D:7      | Found a staircase to the Ecumenical Temple.
  7205 | Temple   | Entered the Ecumenical Temple
  7437 | D:1      | Bought a steaming scale mail for 225 gold pieces
  7437 | D:1      | Identified the +0 scale mail of Plasticity {rC+ Will-
                  | Str+5} (You bought it in a shop on level 1 of the Dungeon)
  7580 | D:7      | Reached skill level 9 in Polearms
  7668 | D:7      | Noticed a skeletal warrior
  7677 | D:7      | Noticed a skeletal warrior
  7970 | D:7      | Killed a skeletal warrior
  7971 | D:7      | Reached XP level 10. HP: 16/76 MP: 16/16
  8255 | D:7      | HP: 1/76 [skeletal warrior/+0 glaive (22)]
  8977 | D:8      | Noticed Psyche
  9130 | D:8      | Killed Psyche
  9367 | D:8      | Noticed Maurice
  9398 | D:8      | Maurice stole a +2 dagger of venom
  9402 | D:8      | Killed Maurice
  9403 | D:8      | Reached skill level 1 in Throwing
  9573 | D:8      | You are sucked into a shaft and drop 1 floor!
  9997 | D:8      | Found a shimmering altar of Xom.
 10007 | D:8      | Found a shimmering altar of Xom.
 10007 | D:8      | Found a shimmering altar of Xom.
 10007 | D:8      | Found a shimmering altar of Xom.
 10008 | D:8      | Found a shimmering altar of Xom.
 10009 | D:8      | Found a shimmering altar of Xom.
 10011 | D:8      | Found a shimmering altar of Xom.
 10271 | D:9      | Reached skill level 10 in Polearms
 10485 | D:9      | Found a staircase to the Lair.
 10670 | D:10     | Entered Level 10 of the Dungeon
 10670 | D:10     | Noticed a two-headed ogre
 10681 | D:10     | Killed a two-headed ogre
 10682 | D:10     | Reached XP level 11. HP: 42/83 MP: 11/17
 10712 | D:10     | Noticed a two-headed ogre
 10734 | D:10     | Killed a two-headed ogre
 10925 | D:10     | Found a flagged portal.
 10938 | Bailey   | Entered a bailey
 11275 | Bailey   | Noticed an orc knight
 11293 | Bailey   | Killed an orc knight
 11336 | Bailey   | Noticed an orc warlord
 11340 | Bailey   | Noticed an orc knight
 11385 | Bailey   | Killed an orc warlord
 11555 | Bailey   | Killed an orc knight
 11866 | Bailey   | Noticed an orc knight
 11885 | Bailey   | Killed an orc knight
 12119 | D:10     | Reached skill level 5 in Armour
 12132 | D:10     | Reached skill level 11 in Polearms
 12595 | D:10     | Found a staircase to the Orcish Mines.
 12675 | D:10     | Noticed a two-headed ogre
 12680 | D:10     | Killed a two-headed ogre
 12703 | D:10     | Found an ancient bone altar of Kikubaaqudgha.
 12709 | D:10     | Found a broken altar of Ashenzari.
 12714 | D:10     | Found an ornate altar of the Wu Jian Council.
 12776 | D:11     | Reached skill level 5 in Shields
 13001 | D:11     | Reached XP level 12. HP: 71/93 MP: 18/18
 13572 | D:11     | Noticed a two-headed ogre
 13581 | D:11     | Killed a two-headed ogre
 14078 | D:11     | Reached skill level 12 in Polearms
 14275 | D:11     | Demolished by a skeletal warrior

Illustrated notes

Levels and vault maps discovered:
D:1:      minmay_arrival_up_and_down, layout_loops_corners, serial_shops,
          nicolae_shop_crystal, hellmonk_ecumenical_altar_zigzags
D:2:      layout_basic, basic_altar, uniq_robin
D:3:      layout_basic, mainiacjoe_overflow_tiny_flanked,
          gup_sewer_entry_bubbles
D:4:      layout_gridville, gammafunk_temple_overflow_pools, uniq_natasha
D:5:      layout_rooms, serial_shops, nicolae_diamond_shop, uniq_ijyb,
          uniq_pikel
D:6:      layout_loops_ring, uniq_maggie
D:7:      layout_loops_cross, temple_hall, minmay_three_doors, uniq_menkaure
D:8:      layout_cave_pools, xom_shifter_show, overflow_temple_1_default,
          uniq_maurice, uniq_psyche
D:9:      layout_big_octagon, dpeg_oklobed_lair
D:10:     layout_rooms, minmay_overflow_temple_star_quad, erik_orc_4,
          enter_bailey_3
D:11:     layout_loops_ring, minmay_the_grid_square_5x5_3x3_mashed
          [minmay_the_grid_square_5x5_plus,
          minmay_the_grid_square_5x5_two_walls_b,
          minmay_the_grid_square_5x5_empty, minmay_the_grid_square_5x5_lines,
          minmay_the_grid_square_5x5_megaprize_hollow,
          minmay_the_grid_square_5x5_inner_i, minmay_the_grid_square_5x5_fat_x,
          minmay_the_grid_square_5x5_broken_cross, minmay_the_grid_square_5x5_z]
Temple:   dpeg_chambers_temple

Skill      XL: |  1  2  3  4  5  6  7  8  9 10 11 12 |
---------------+-------------------------------------+-----
Spellcasting   | 2 4 |  4.2
Stealth        | 1 2 |  2.0
Fire Magic     | 3 |  3.7
Polearms       | 3 4 5 7 9 10 11 12 | 12.0
Armour         | 1 2 3 4 5 |  5.0
Dodging        | 2 3 |  3.0
Fighting       | 5 6 8 |  8.8
Shields        | 1 3 5 |  5.0
Evocations     | 1 3 4 |  4.8
Throwing       | 2 |  2.0

Action                     |  1- 3 |  4- 6 |  7- 9 | 10-12 || total
---------------------------+-------+-------+-------+-------++-------
  Melee: Spear             |    34 |       |       |       ||    34
         Punch             |     1 |       |     2 |       ||     3
         Trident           |    29 |    26 |   180 |   618 ||   853
  Throw: Throwing net      |       |       |       |     5 ||     5
         Dart              |       |       |       |     5 ||     5
   Cast: Scorch            |    24 |    35 |    86 |    19 ||   164
 Invoke: Fiery Armour      |       |       |     2 |     3 ||     5
  Evoke: Wand              |       |       |     8 |    27 ||    35
    Use: Scroll            |       |     1 |     7 |     7 ||    15
   Stab: Sleeping          |       |     2 |       |       ||     2
         Held in net/web   |       |       |       |     1 ||     1
 Armour: Robe              |    39 |    12 |       |       ||    51
         Ring mail         |       |    15 |   113 |   307 ||   435
  Dodge: Dodged            |    46 |    24 |   101 |   217 ||   388
  Block: Buckler           |       |       |     8 |    88 ||    96

Table legend: (Time is in decaauts)
 A = Elapsed time spent in this place.
 B = Non-inter-level travel time spent in this place.
 C = Inter-level travel time spent in this place.
 D = Time resting spent in this place.
 E = Time spent auto-exploring this place.
 F = Levels seen in this place.
 G = Mean time per level.
                   A        B        C        D        E       F      G
               +--------+--------+--------+--------+--------+-----+--------+
         Total |  14177 |  13246 |    931 |    662 |   9619 |  14 | 1012.6 |
       Dungeon |  12315 |  11385 |    930 |    517 |   8481 |  11 | 1119.5 |
        Temple |      1 |      0 |      1 |      0 |      0 |   1 |    1.0 |
         Sewer |    780 |    780 |      0 |      0 |    606 |   1 |  780.0 |
        Bailey |   1080 |   1080 |      0 |    145 |    532 |   1 | 1080.0 |
               +--------+--------+--------+--------+--------+-----+--------+

Top non-repeatable levels by time:
     D:7: 1697 daAuts
     D:1: 1480 daAuts
     D:6: 1338 daAuts
    D:11: 1305 daAuts
    D:10: 1109 daAuts
  Bailey: 1080 daAuts
     D:3: 1078 daAuts
     D:2: 1018 daAuts
     D:4: 1011 daAuts
     D:8: 800 daAuts
   Sewer: 780 daAuts
     D:9: 770 daAuts
     D:5: 704 daAuts
  Temple: 1 daAuts
